 Dungeon Crawl Stone Soup version 0.30.1-4-g462c640d31 (webtiles) character file.

Game seed: 8658372678069732870

136908 spardeous the Thaumaturge (level 16, -1/139 HPs)
             Began as a Demigod Conjurer on Aug 16, 2023.
             Killed from afar by spardeous's illusion (illusionary) (37 damage)
             ... with a stone arrow
             ... woven by Mara
             ... on level 4 of the Swamp on Aug 17, 2023.
             The game lasted 01:48:18 (51844 turns).

spardeous the Thaumaturge (Demigod Conjurer)       Turns: 51844, Time: 01:48:19

Health: -1/139     AC: 20    Str: 20    XL:     16   Next: 17%
Magic:  0/38       EV: 15    Int: 28    God:
Gold:   1757       SH:  7    Dex: 22    Spells: 14/41 levels left

rFire   . . .        n - staff of conjuration
rCold   . . .        m - +0 buckler
rNeg    + + .        A - +5 ring mail of Freedom {Will+ Dex+3}
rPois   +            T - +2 helmet
rElec   +            E - +2 cloak {rCorr}
rCorr   +            a - +0 pair of gloves
SInv    .            p - +0 pair of boots
Will    +++..        d - amulet "Pakkuac" {Spirit *Corrode rElec rPois Dex+3}
Stlth   ++           K - ring "Capiuxke" {+Blink rN++ Will+ Int-2}
HPRegen 0.43/turn    P - +6 ring of intelligence
MPRegen 0.26/turn

%: corrode self (3%), guardian spirit
@: no status effects
A: high MP 1, forlorn, divine attributes
a: Evoke Blink


You were on level 4 of the Swamp.
You visited 3 branches of the dungeon, and saw 24 of its levels.
You also visited: Sewer, Gauntlet, Ice Cave and Volcano.

You collected 1757 gold pieces.

Inventory:

Hand Weapons
 B - a +5 hand axe of freezing
 R - the +6 spear "Beetleslayer" {vamp, rElec Str+3 Stlth+}
   (You found it on level 2 of the Lair of Beasts)

   Str:       It affects your strength (+3).
   rElec:     It insulates you from electricity.
   Stlth:     It makes you more stealthy.
Armour
 a - a +0 pair of gloves (worn)
 h - the +2 ring mail "Cettid Ydar" {*Slow rPois rCorr Int+7}
   (You found it on level 5 of the Lair of Beasts)

   Int:       It affects your intelligence (+7).
   rPois:     It protects you from poison.
   rCorr:     It protects you from acid and corrosion.
   *Slow:     It may slow you when you take damage.
 m - a +0 buckler (worn)
 p - a +0 pair of boots (worn)
 A - the +5 ring mail of Freedom (worn) {Will+ Dex+3}
   (You found it on level 5 of the Dungeon)

   Dex:       It affects your dexterity (+3).
   Will:      It increases your willpower.
 D - +0 swamp dragon scales
 E - a +2 cloak of preservation (worn)
 T - a +2 helmet (worn)
 V - a +1 tower shield of cold resistance
Magical Staves
 n - a staff of conjuration (weapon)
 U - a staff of earth
Jewellery
 d - the amulet "Pakkuac" (around neck) {Spirit *Corrode rElec rPois Dex+3}
   (You found it on level 5 of the Lair of Beasts)

   [amulet of guardian spirit]

   It causes incoming damage to be divided between your reserves of health and
   magic.
   Dex:       It affects your dexterity (+3).
   rElec:     It insulates you from electricity.
   rPois:     It protects you from poison.
   *Corrode:  It may corrode you when you take damage.
 o - a +5 ring of evasion
 r - an amulet of reflection
 C - a +6 ring of dexterity
 I - a ring of protection from cold
 K - the ring "Capiuxke" (left hand) {+Blink rN++ Will+ Int-2}
   (You found it in an ice cave)

   [ring of willpower]

   Int:       It affects your intelligence (-2).
   rN:        It greatly protects you from negative energy.
   +Blink:    It lets you blink.
   Will:      It increases your willpower.
 P - a +6 ring of intelligence (right hand)
 S - a ring of protection from fire
Wands
 H - a wand of roots (8)
Scrolls
 c - 3 scrolls of summoning
 e - 4 scrolls of immolation
 i - 4 scrolls of enchant armour
 j - 6 scrolls of fear
 q - 2 scrolls of magic mapping
 t - 6 scrolls of poison
 y - 6 scrolls of fog
 F - 2 scrolls of blinking
 G - 3 scrolls of silence
 J - a scroll of brand weapon
 L - 3 scrolls of teleportation
 M - 2 scrolls of enchant weapon
 W - 2 scrolls of vulnerability
Potions
 b - a potion of magic
 f - 3 potions of heal wounds
 g - 4 potions of attraction {unknown}
 k - 8 potions of curing
 l - 3 potions of flight
 s - 11 potions of mutation {unknown}
 u - 3 potions of lignification {unknown}
 v - 3 potions of brilliance
 w - 4 potions of cancellation
 x - a potion of ambrosia
 z - 4 potions of haste
 N - 2 potions of resistance
 O - 2 potions of might
 X - 2 potions of invisibility
 Z - 2 potions of berserk rage
Miscellaneous
 Q - a phantom mirror
 Y - a lightning rod (4/4)


   Skills:
 - Level 12.0 Fighting
 + Level 5.5 Axes
 - Level 5.7 Armour
 - Level 6.1 Dodging
 - Level 1.7 Stealth
 - Level 8.5 Shields
 - Level 13.0 Spellcasting
 - Level 10.4 Conjurations
 - Level 9.2 Necromancy
 - Level 10.1 Translocations
 - Level 4.1 Transmutations
 - Level 4.7 Earth Magic


You had 14 spell levels left.
You knew the following spells:

 Your Spells              Type           Power      Damage    Failure   Level
a - Magic Dart            Conj           100%       1d8       1%          1
b - Searing Ray           Conj           100%       2d8       1%          2
c - Iskenderun's Mystic   Conj/Tloc      85%        2d17      1%          4
d - Stone Arrow           Conj/Erth      100%       3d13      1%          3
e - Fulminant Prism       Conj/Hex       31%        3d16      7%          4
f - Borgnjor's Vile Clut  Necr/Erth      27%        N/A       9%          5
g - Swiftness             Air            18%        N/A       17%         3
i - Iskenderun's Battles  Conj           86%        2d13      2%          5

Your spell library contained the following spells:

 Spells                   Type           Power      Damage    Failure   Level
 Shock                    Conj/Air       100%       1d9       1%          1
 Dazzling Flash           Conj/Hex       100%       N/A       1%          3
 Hailstorm                Conj/Ice       63%        3d13      1%          3
 Freeze                   Ice            72%        1d8       5%          1
 Summon Small Mammal      Summ           72%        N/A       5%          1
 Call Canine Familiar     Summ           18%        N/A       17%         3
 Frozen Ramparts          Ice            36%        1d6       17%         3
 Ozocubu's Armour         Ice            18%        N/A       17%         3
 Summon Guardian Golem    Hex/Summ       18%        N/A       17%         3
 Fireball                 Conj/Fire      31%        3d13      19%         5
 Animate Armour           Summ/Erth      62%        N/A       22%         4
 Ice Form                 Ice/Tmut       29%        N/A       24%         4
 Airstrike                Air            9%         2d(2-18)  50%         4
 Alistair's Intoxication  Tmut/Pois      19%        N/A       54%         5
 Orb of Destruction       Conj           43%        9d12      54%         7
 Conjure Ball Lightning   Conj/Air       31%        3x3d10    71%         6
 Simulacrum               Ice/Necr       22%        N/A       78%         6
 Eringya's Noxious Bog    Tmut/Pois      14%        N/A       98%         6
 Ozocubu's Refrigeration  Ice            9%         4d9       100%        7
 Lehudib's Crystal Spear  Conj/Erth      37%        10d9      100%        8
 Chain Lightning          Conj/Air       31%        3d42      100%        9
 Fire Storm               Conj/Fire      31%        8d8       100%        9
 Shatter                  Erth           22%        3d19*     100%        9


Dungeon Overview and Level Annotations

Branches:
Dungeon (15/15)            Temple (0/1) D:7            Lair (5/5) D:8
  Swamp (4/4) Lair:3       Spider (0/4) Lair:3        Slime (0/5) Lair:5
    Orc (0/2) D:11         Vaults (0/5) D:14         Depths (0/4) D:15
  Sewer (visited)           IceCv (visited)         Volcano (visited)
Gauntlet (visited)

Shops:
D:11 (((

Annotations:
D:4 1 transporter
D:12 exclusion: statue
Swamp:2 2 transporters, Veafufu's ghost, journeyman GnFi
Swamp:3 Lernaean hydra
Swamp:4 Mara


Innate Abilities, Weirdness & Mutations

You have an increased reservoir of magic. (+10% MP)
You shall have no god before yourself.
Your divine heritage dramatically boosts your attributes as you level up.


Message History

Unknown command.
Unknown command.
Casting: Iskenderun's Mystic Blast (mildly dangerous; 1% risk of failure)
Confirm with . or Enter, or press ? or * to list all spells.
You feel a surge of power!
You erupt in a blast of force!
The mystic blast hits Mara.
Mara is almost dead.
Mara is knocked back by the mystic blast.
Mara collides with Mara!
Mara is severely wounded.
Mara is almost dead.
The mystic blast hits Mara!
You kill Mara!
Mara shimmers and vanishes!
Your battlesphere fires!
The barrage of energy hits spardeous's illusion but does no damage.
Spardeous's illusion is moderately wounded.
Mara boasts, "I am lord over the four continents and the two thousand adjacent isles."
You now have 6/38 mp.
Unknown command.
Unknown command.
Spardeous's illusion gestures at you while chanting.
The stone arrow hits you!!
* * * LOW HITPOINT WARNING * * *
Mara gestures.
You take 20 damage, and have 35/139 hp.
You now have 4/38 mp.
Casting: Iskenderun's Mystic Blast (mildly dangerous; 1% risk of failure)
Confirm with . or Enter, or press ? or * to list all spells.
You feel a surge of power!
You erupt in a blast of force!
The mystic blast hits spardeous's illusion!
Spardeous's illusion is moderately wounded.
Spardeous's illusion is knocked back by the mystic blast.
The mystic blast hits Mara!!
You kill Mara!
Mara shimmers and vanishes!
The mystic blast hits Mara.
Mara is severely wounded.
Mara is knocked back by the mystic blast.
Spardeous's illusion points at you and mumbles some strange words.
The stone arrow hits you!!!
You die...

....~...~~~~§~~.♣.♣♣♣♣♣
~~~..~~~~§~~~.~~§♣
...~~~~~~~...~.♣♣♣ ♣
♣♣♣..~~~~~~......~~♣♣
♣♣~♣♣.~~~~~~~~..§♣♣♣♣~
♣♣~~.♣♣....~.~~~~~~♣♣~♣♣..~.
♣♣~~~~..~§~§.~....§♣♣♣♣♣♣~.~~
♣..~~~~~~~~$.○♣~~♣♣♣♣~.♣♣..~~
♣♣♣♣#~~~~§.♣~.*@♣♣♣♣♣♣~~~~..~~~~
♣♣.≈..~....~♣~~~.♣ ♣~~§~~~~~~~~~
~~.~....~.~~.~~~.♣
♣♣.~~~..~~~~~.
.~.#~..♣.~~~~~~~@♣
♣..~~§~...~[~~ ......♣
♣.~~..~~♣♣ ♣♣♣~~~~~~~~~~~
..~..~♣ ♣♣DR...♣♣ ♣~.~§~~~~~..~
..§.~~♣♣♣♣~.♣.♣♣ ♣.♣.~§~~[~..~
♣♣..=♣♣♣..♣♣♣♣♣ ♣♣♣♣~..~~R~~~°.D
~♣♣.~♣~.~..♣♣♣ ♣♣......~.~~§§k°°


You could see Mara, a swamp dragon, spardeous's illusion (swift) and a friendly
battlesphere.

Vanquished Creatures
  The ghost of Zenkrye the Severer, an adept HOFi of Beogh (Swamp:3)
  A thorn hunter (Swamp:3)
  A frost giant (IceCv)
  A stone giant (D:15)
  Nessos (Lair:4)
  4 eleionomae
  A minotaur (Gauntlet)
  3 bunyips
  A dire elephant (Lair:5)
  A green death (Gauntlet)
  A shambling mangrove (Swamp:2)
  The ghost of Jingleheimer the Transmogrifier, a journeyman OpTm of Gozag (Lair:2)
  4 vault guards (D:14)
  A rakshasa (D:15)
  16 hydras
  8 ghost crabs
  A death knight (D:15)
  Erica (D:8)
  9 centaur warriors
  A catoblepas (Lair:5)
  6 two-headed ogres
  3 death yaks (Lair:5)
  4 boulder beetles
  8 alligators
  A hell knight (D:15)
  A deep troll shaman (Lair:5)
  6 spriggans
  5 skeletal warriors
  2 deep trolls (D:15)
  6 goliath frogs (Swamp:2)
  3 spriggan druids
  7 swamp dragons
  A deep elf archer (D:14)
  A wizard (D:14)
  3 bog bodies
  A steelbarb worm (shapeshifter) (D:15)
  A necromancer (D:15)
  A phantasmal warrior (D:15)
  A lindwurm (Lair:5)
  A deep elf pyromancer (D:14)
  2 orc knights
  2 orc sorcerers
  19 ugly things
  5 cyclopes
  4 manticores (D:12)
  2 will-o-the-wisps (Swamp:2)
  5 apocalypse crabs (Swamp:3)
  2 black mambas
  13 elephants
  2 ice statues
  A gargoyle (D:11)
  A torpor snail (Lair:2)
  A smoke demon (Volcano)
  12 cane toads
  An orange demon (Gauntlet)
  2 unseen horrors
  6 rime drakes
  Psyche (D:11)
  2 kobold demonologists
  A freezing wraith (D:15)
  10 komodo dragons
  A tengu conjurer (D:15)
  3 red devils (Volcano)
  3 trolls
  4 tyrant leeches
  A bloated husk (Swamp:3)
  19 polar bears
  13 blink frogs
  2 wind drakes (shapeshifter)
  15 hornets
  5 culicivoras (Lair:3)
  Sigmund (D:6)
  3 jumping spiders (Lair:3)
  5 wyverns
  5 basilisks
  6 slime creatures
  2 shadows
  3 wraiths
  A vampire (D:12)
  7 fire bats (Volcano)
  51 yaks
  A human (D:14)
  Grum (D:8)
  2 redbacks (Lair:3)
  6 vampire mosquitoes
  A warg (D:15)
  13 swamp worms
  An acid dragon (D:12)
  13 water moccasins
  2 hell hounds (Volcano)
  4 swamp drakes
  3 orc warriors
  2 sky beasts
  4 black bears
  An ice beast (D:7)
  29 wolves
  3 ogres
  10 centaurs
  3 phantoms
  2 kobold brigands
  9 bullfrogs
  3 scorpions
  4 wights (D:6)
  2 troll zombies (D:11)
  6 killer bees (D:7)
  A howler monkey (D:5)
  3 electric eels (Lair:3)
  7 lava snakes (Volcano)
  Crazy Yiuf (D:7)
  7 orc priests
  3 hounds
  2 jellies (D:6)
  A sleepcap (D:8)
  2 gnoll boudas (D:7)
  5 iguanas
  8 orc wizards
  10 hell rats
  6 ogre zombies (D:11)
  14 gnolls
  7 adders
  6 river rats (Sewer)
  2 shadow imps
  14 white imps
  2 ufetubi
  2 worms
  2 dart slugs
  39 orcs
  9 bats
  6 endoplasms
  4 giant cockroaches
  5 goblins
  4 hobgoblins
  4 jackals
  5 quokkas
  15 ball pythons
  9 frilled lizards
  A goblin skeleton (D:11)
  3 goblin zombies (D:11)
  3 hobgoblin zombies (D:11)
  14 kobolds
  3 orc skeletons (D:11)
  15 orc zombies (D:11)
  30 rats
763 creatures vanquished.

Vanquished Creatures (others)
  13 foxfires
  21 fulminant prisms
34 creatures vanquished.

Grand Total: 797 creatures vanquished

Notes
Turn   | Place    | Note
-------+----------+-------------------------------------------
     0 | D:1      | spardeous the Demigod Conjurer began the quest for the Orb.
     0 | D:1      | Reached XP level 1. HP: 14/14 MP: 5/5
   181 | D:1      | Reached skill level 2 in Spellcasting
   438 | D:1      | Reached XP level 2. HP: 20/20 MP: 2/7
  1212 | D:1      | Learned a level 2 spell: Searing Ray
  1509 | D:2      | Reached XP level 3. HP: 26/26 MP: 5/9
  2545 | D:3      | Reached XP level 4. HP: 33/33 MP: 6/11
  2548 | D:3      | Reached skill level 3 in Spellcasting
  2770 | D:3      | Noticed an angel
  3056 | D:4      | Reached skill level 5 in Conjurations
  3056 | D:4      | Reached XP level 5. HP: 22/38 MP: 6/13
  3503 | D:4      | Found a transporter.
  3504 | D:4      | Noticed an orc warrior
  3643 | D:4      | Reached skill level 4 in Spellcasting
  3835 | D:4      | Noticed an ogre
  3840 | D:4      | Killed an ogre
  3841 | D:4      | Reached XP level 6. HP: 27/45 MP: 8/15
  4256 | D:5      | Entered Level 5 of the Dungeon
  4305 | D:5      | Found a glowing drain.
  4351 | Sewer    | Entered a sewer
  4701 | Sewer    | Learned a level 4 spell: Iskenderun's Mystic Blast
  5017 | Sewer    | Reached skill level 1 in Translocations
  5161 | Sewer    | Reached XP level 7. HP: 33/50 MP: 7/17
  5632 | D:5      | Identified the +5 ring mail of Freedom {Will+ Dex+3}
  6277 | D:5      | Reached skill level 5 in Translocations
  6704 | D:6      | Reached XP level 8. HP: 57/57 MP: 14/18
  7244 | D:6      | Noticed Sigmund
  7251 | D:6      | Killed Sigmund
  7843 | D:7      | Found a staircase to the Ecumenical Temple.
  8527 | D:7      | Reached XP level 9. HP: 62/62 MP: 7/19
  9268 | D:7      | Found a runed translucent door.
  9269 | D:7      | Noticed Crazy Yiuf
  9428 | D:7      | Reached skill level 10 in Conjurations
  9579 | D:7      | Killed Crazy Yiuf
  9770 | D:8      | Noticed Grum
  9780 | D:8      | Killed Grum
  9780 | D:8      | Noticed Erica
  9781 | D:8      | Reached skill level 5 in Spellcasting
  9907 | D:8      | Killed Erica
  9908 | D:8      | Reached skill level 6 in Spellcasting
 10578 | D:8      | Found a staircase to the Lair.
 10597 | D:8      | Reached XP level 10. HP: 67/69 MP: 19/24
 10923 | D:9      | Noticed a two-headed ogre
 11049 | D:9      | Killed a two-headed ogre
 11050 | D:9      | Reached skill level 7 in Spellcasting
 11172 | D:9      | Noticed a centaur warrior
 11172 | D:9      | Noticed a centaur warrior
 11274 | D:9      | Killed a centaur warrior
 11275 | D:9      | Reached skill level 8 in Spellcasting
 11658 | D:9      | Killed a centaur warrior
 11659 | D:9      | Reached skill level 9 in Spellcasting
 11786 | D:9      | Noticed a two-headed ogre
 11933 | D:9      | Killed a two-headed ogre
 11934 | D:9      | Reached skill level 10 in Spellcasting
 12398 | D:9      | Noticed a boulder beetle
 12398 | D:9      | Noticed a cyan ugly thing
 12398 | D:9      | Noticed a white ugly thing
 12398 | D:9      | Noticed a cyclops
 12398 | D:9      | Noticed a cyclops
 12398 | D:9      | Noticed a centaur warrior
 12398 | D:9      | Noticed a centaur warrior
 12637 | D:9      | Killed a cyclops
 12638 | D:9      | Reached XP level 11. HP: 74/74 MP: 5/30
 12788 | D:9      | Killed a centaur warrior
 12793 | D:9      | Killed a centaur warrior
 12794 | D:9      | Reached skill level 11 in Spellcasting
 14566 | D:10     | Entered Level 10 of the Dungeon
 15381 | D:10     | Noticed a two-headed ogre
 15470 | D:10     | Killed a two-headed ogre
 15933 | D:11     | Noticed a two-headed ogre
 15942 | D:11     | Killed a two-headed ogre
 16580 | D:11     | Reached skill level 10 in Translocations
 16869 | D:11     | Noticed a two-headed ogre
 16874 | D:11     | Killed a two-headed ogre
 17067 | D:11     | Found a staircase to the Orcish Mines.
 17098 | D:11     | Found Setar's Weapon Shop.
 17142 | D:11     | Noticed Psyche
 17190 | D:11     | Killed Psyche
 17245 | D:11     | Found Seuphafoga's Antique Weapon Boutique.
 17476 | D:11     | Found Rappesim's Weapon Emporium.
 17526 | D:11     | Noticed a boulder beetle
 17899 | D:12     | Learned a level 3 spell: Stone Arrow
 18289 | D:12     | Reached XP level 12. HP: 52/81 MP: 23/32
 18628 | D:12     | Reached skill level 12 in Spellcasting
 19504 | D:11     | Killed a boulder beetle
 21016 | D:9      | Killed a boulder beetle
 22958 | D:13     | Noticed a five-headed hydra
 22970 | D:13     | Killed a five-headed hydra
 22971 | D:13     | Reached skill level 13 in Spellcasting
 22999 | D:13     | Reached skill level 1 in Fighting
 24107 | D:13     | Noticed a centaur warrior
 24158 | D:13     | Killed a centaur warrior
 24159 | D:13     | Reached skill level 5 in Fighting
 24722 | D:14     | Noticed a centaur warrior
 24734 | D:14     | Killed a centaur warrior
 24982 | D:14     | Found a gate leading to a gauntlet.
 24992 | Gauntlet | Entered a Gauntlet
 24992 | Gauntlet | Found a runed translucent door.
 24992 | Gauntlet | Found a transporter.
 24992 | Gauntlet | Found a runed translucent door.
 24992 | Gauntlet | Found a transporter.
 24992 | Gauntlet | Found a transporter.
 25056 | Gauntlet | Found a transporter.
 25059 | Gauntlet | Found a transporter.
 25070 | Gauntlet | Found a transporter.
 25070 | Gauntlet | Found a transporter.
 25075 | Gauntlet | Noticed a ghost crab
 25078 | Gauntlet | Found a transporter.
 25094 | Gauntlet | Noticed a green death
 25096 | Gauntlet | Found a transporter.
 25113 | Gauntlet | Found a transporter.
 25116 | Gauntlet | Found a transporter.
 25126 | Gauntlet | Found a transporter.
 25520 | Gauntlet | Learned a level 4 spell: Fulminant Prism
 25709 | Gauntlet | Killed a green death
 25710 | Gauntlet | Reached XP level 13. HP: 105/105 MP: 18/35
 25809 | Gauntlet | Noticed a minotaur
 25816 | Gauntlet | Killed a minotaur
 27415 | D:14     | You fall into a shaft and drop 1 floor!
 27415 | D:15     | Entered Level 15 of the Dungeon
 27896 | D:14     | Found a gate to the Vaults.
 28118 | D:14     | Reached skill level 10 in Fighting
 28985 | D:15     | Noticed a stone giant
 29078 | D:15     | Killed a stone giant
 30172 | D:15     | Found a staircase to the Depths.
 30191 | D:15     | Reached skill level 1 in Shields
 31209 | Lair:1   | Entered Level 1 of the Lair of Beasts
 31567 | Lair:1   | Reached XP level 14. HP: 126/126 MP: 25/36
 32005 | Lair:1   | Reached skill level 1 in Armour
 32412 | Lair:2   | Reached skill level 5 in Shields
 33204 | Lair:2   | Found a runed translucent door.
 33205 | Lair:2   | Noticed Jingleheimer's ghost (journeyman OpTm)
 33662 | Lair:2   | Killed Jingleheimer's ghost
 33666 | Lair:2   | Identified the +6 spear "Beetleslayer" {vamp, rElec Str+3
                  | Stlth+}
 33762 | Lair:3   | Found a hole to the Spider Nest.
 33771 | Lair:3   | Reached skill level 5 in Dodging
 33901 | Lair:3   | Found a dark tunnel.
 33929 | Lair:3   | Learned a level 5 spell: Iskenderun's Battlesphere
 33930 | Volcano  | Entered a volcano
 35965 | Lair:3   | Found a staircase to the Swamp.
 36144 | Lair:4   | Found a frozen archway.
 36224 | IceCv    | Entered an ice cave
 36237 | IceCv    | Reached skill level 1 in Earth Magic
 36434 | IceCv    | Identified the +5 great sword "Veproim" {elec, Int+5}
 36763 | IceCv    | Identified the +0 spear "Isimenti" {freeze, Will++}
 36772 | IceCv    | Identified the +9 falchion of Xapathrou {speed, Int+3}
 36808 | IceCv    | Found the +4 skin of Zhor {*Englaciate rC+++ SInv}
 37279 | IceCv    | Noticed a frost giant
 37306 | IceCv    | Killed a frost giant
 37530 | IceCv    | Identified the ring "Capiuxke" {+Blink rN++ Will+ Int-2}
 38387 | Lair:4   | Learned a level 4 spell: Ice Form
 38409 | Lair:4   | Reached skill level 5 in Armour
 38688 | Lair:4   | Noticed Nessos
 38694 | Lair:4   | Killed Nessos
 39073 | Lair:4   | Reached skill level 1 in Transmutations
 39591 | Lair:5   | Entered Level 5 of the Lair of Beasts
 39688 | Lair:5   | Found a staircase to the Slime Pits.
 39751 | Lair:5   | Reached XP level 15. HP: 128/132 MP: 15/37
 40591 | Lair:5   | Learned a level 5 spell: Borgnjor's Vile Clutch
 40949 | Lair:5   | Reached skill level 1 in Necromancy
 41769 | Lair:5   | Identified the +2 ring mail "Cettid Ydar" {*Slow rPois
                  | rCorr Int+7}
 41770 | Lair:5   | Identified the amulet "Pakkuac" {Spirit *Corrode rElec
                  | rPois Dex+3}
 41991 | Swamp:1  | Entered Level 1 of the Swamp
 42248 | Swamp:1  | Reached skill level 5 in Necromancy
 43848 | Swamp:2  | Found a transporter.
 43849 | Swamp:2  | Noticed Veafufu's ghost (journeyman GnFi)
 44742 | Swamp:2  | Learned a level 3 spell: Swiftness
 45616 | Swamp:2  | Found a transporter.
 46484 | Swamp:3  | Noticed a thorn hunter
 46491 | Swamp:3  | Killed a thorn hunter
 46601 | Swamp:3  | Noticed Zenkrye's ghost (adept HOFi)
 46604 | Swamp:3  | Found a runed translucent door.
 46637 | Swamp:3  | Found a runed translucent door.
 47743 | Swamp:3  | Identified the +8 dagger of Akifonn {heavy, rElec Int+4}
 48294 | Swamp:3  | Killed Zenkrye's ghost
 48295 | Swamp:3  | Reached skill level 1 in Axes
 48510 | Swamp:4  | Entered Level 4 of the Swamp
 48719 | Swamp:4  | Reached XP level 16. HP: 139/139 MP: 26/38
 48856 | Swamp:4  | Found the +2 cloak of the Thief {*Fog Slay-2 SInv Stlth+}
 49440 | Swamp:4  | Noticed Mara
 49555 | Swamp:4  | Noticed spardeous's illusion
 50675 | Swamp:4  | Reached skill level 5 in Axes
 50978 | Swamp:4  | Noticed the 27-headed Lernaean hydra
 51830 | Swamp:4  | Noticed spardeous's illusion
 51844 | Swamp:4  | Killed from afar by spardeous's illusion (illusionary)

Illustrated notes

Levels and vault maps discovered:
D:1:      evilmike_arrival_plus, layout_basic, minivault_27, st_stairs_5,
          minmay_misc_feat_plants, minmay_tree_intersection, minmay_tetromino_i4
D:2:      layout_rooms, kennysheep_flooded_box, serial_bayou_pond_b
D:3:      layout_loops_cross, cheibriados_altar_1, zin_angel,
          serial_bayou_lagoon_a
D:4:      nicolae_cairo_tiling_very_big, layout_basic, marbit_many_paths,
          grunt_nemelex_the_gamble
D:5:      layout_loops_ring, mainiacjoe_overflow_paths,
          nicolae_ashenzari_skybound, mainiacjoe_overflow_alcove_2,
          cheibrodos_sewer_entry_drain, hangedman_feature_mirror
D:6:      layout_basic, tgw_sif, uniq_sigmund
D:7:      layout_loops_corners, minmay_temple_entry_poolview,
          minmay_crystal_water, eino_jars, uniq_crazy_yiuf_cottage
D:8:      layout_gridville, nzn_hepliaklqana_mist_gate, dpeg_oklobed_lair,
          uniq_grum, uniq_erica
D:9:      kennysheep_big_flooded_room, layout_basic,
          nicolae_ru_sacrificial_ziggurat, minivault_28
D:10:     layout_loops_corners, general_overflow_altar,
          nicolae_elyvilon_peaceful_grove
D:11:     layout_basic, zombieorc2_lemuel, serial_shops,
          nicolae_shop_tiny_real_fake_doors, shop, shop, uniq_psyche
D:12:     layout_cave_pods, vehumet_statue
D:13:     layout_basic, minmay_misc_feat_secret_circle, fedhas_altar_4
D:14:     layout_gridville, grunt_vaults_entry_fortified,
          chequers_serial_rivers_small_a, gauntlet_entry_generic,
          nicolae_elevator_lobby_asterisk
D:15:     hangedman_depths_entry_civil_slaughter, layout_irregular_city,
          serial_bayou_pond_c
Lair:1:   layout_gridlike, beast_lair_carwin_7
Lair:2:   layout_loops_ring, special_room, gammafunk_ghost_grave,
          lemuel_fruit_tree, infiniplex_staircase_pool_2
Lair:3:   layout_layer_cave, nicolae_swamp_entry_splash_gauntlet,
          nicolae_spider_entry_tight_spaces, enter_volcano_4,
          serial_bayou_shore_a
Lair:4:   layout_cave_pods, portal_ice_cave_entry_imps, dreamdust_wasp_nest,
          uniq_nessos
Lair:5:   grunt_lair_end_beastmaster, layout_small_grid, dpeg_slime_entry_corner
Swamp:1:  layout_basic_swamp, nicolae_swamp_little_swirl
Swamp:2:  layout_basic_swamp, gammafunk_ghost_berserking_beasts,
          evilmike_swamp_ruin_house_6
Swamp:3:  gammafunk_mikee_crab_dinner, layout_falls_marsh,
          hellmonk_ghost_happy_afterlife, evilmike_swamp_ruin_house_5
Swamp:4:  swamp_old_school, layout_basic_swamp, uniq_mara

Skill      XL: |  1  2  3  4  5  6  7  8  9 10 11 12 13 14 15 16 |
---------------+-------------------------------------------------+-----
Spellcasting   | 2 3 4 6 10 11 13 | 13.0
Conjurations   | 4 5 6 8 10 | 10.4
Translocations | 2 5 6 10 | 10.1
Dodging        | 3 6 |  6.1
Fighting       | 7 12 | 12.0
Shields        | 3 6 8 |  8.5
Armour         | 5 |  5.7
Earth Magic    | 4 |  4.7
Transmutations | 2 4 |  4.1
Necromancy     | 9 |  9.2
Axes           | 2 5 |  5.5
Stealth        | |  1.7

Action                     |  1- 3 |  4- 6 |  7- 9 | 10-12 | 13-15 | 16-18 || total
---------------------------+-------+-------+-------+-------+-------+-------++-------
  Melee: Staff             |       |     3 |     9 |    65 |   248 |     4 ||   329
   Cast: Magic Dart        |    97 |   142 |    15 |     1 |    52 |     9 ||   316
         Searing Ray       |     1 |    10 |    71 |     5 |     9 |       ||    96
         Iskenderun's Myst |       |       |    26 |   216 |   379 |    46 ||   667
         Stone Arrow       |       |       |       |   108 |   369 |    36 ||   513
         Fulminant Prism   |       |       |       |     2 |    19 |       ||    21
         Iskenderun's Batt |       |       |       |       |    43 |    13 ||    56
         Borgnjor's Vile C |       |       |       |       |    11 |     1 ||    12
    Use: Potion            |       |     1 |       |     1 |     5 |     6 ||    13
         Scroll            |       |       |     8 |    11 |    12 |     9 ||    40
   Stab: Sleeping          |       |       |       |     1 |       |       ||     1
 Armour: Leather armour    |     3 |     8 |     3 |       |       |       ||    14
         Ring mail         |       |       |    46 |    90 |   307 |   110 ||   553
  Dodge: Dodged            |    10 |    17 |    57 |   112 |   390 |    95 ||   681
  Block: Other             |       |    10 |    29 |    25 |       |       ||    64
         Reflection        |       |       |     2 |     5 |    15 |       ||    22
         Buckler           |       |       |       |    21 |   385 |    42 ||   448
